 Dungeon Crawl Stone Soup version 0.25.1-2-g60ff931df9 (webtiles) character file.

Game seed: 8517845215204415888

16 DildoBatman the Magician (level 2, -1/19 HPs)
             Began as a Formicid Wizard on Aug 13, 2020.
             Slain by an adder (4 damage)
             ... on level 2 of the Dungeon.
             The game lasted 00:01:50 (478 turns).

DildoBatman the Magician (Formicid Wizard)           Turns: 478, Time: 00:01:50

Health: -1/19      AC:  2    Str: 11    XL:     2   Next: 70%
Magic:  1/6        EV: 12    Int: 17    God:
Gold:   12         SH:  0    Dex:  9    Spells: 6/7 levels left

rFire    . . .     SeeInvis +   (no weapon)
rCold    . . .     Gourm    .   (no shield)
rNeg     . . .     Faith    .   a - +0 robe
rPois    .         Spirit   .   (helmet unavailable)
rElec    .         Reflect  .   (no cloak)
rCorr    .         Harm     .   (no gloves)
MR       .....                  (no boots)
Stlth    ++........             (no amulet)
HPRegen  0.06/turn              (no ring)
MPRegen  0.10/turn              (no ring)

@: very slightly contaminated
A: permanent stasis, dig shafts and tunnels, four strong arms, antennae 3
a: Dig, Shaft Self


You were on level 2 of the Dungeon.
You were not hungry.

You visited 1 branch of the dungeon, and saw 2 of its levels.

You collected 12 gold pieces.

Inventory:

Missiles
 b - 42 bolts
 e - 7 poisoned darts (quivered)
Armour
 a - a +0 robe (worn)
Scrolls
 c - 2 scrolls of teleportation {unknown}
Comestibles
 d - 3 chunks of flesh
 v - a ration


   Skills:
 - Level 1.7 Dodging
 - Level 2.4 Stealth
 - Level 3.2 Spellcasting
 * Level 2.2 Conjurations
   Level 1.0 Summonings
   Level 0.8 Translocations


You had 6 spell levels left.
You knew the following spells:

 Your Spells              Type           Power        Failure   Level  Hunger
c - Magic Dart            Conj           ##..         7%          1    None

Your spell library contained the following spells:

 Spells                   Type           Power        Failure   Level  Hunger
 Call Imp                 Summ           #.......     17%         2    ##.....
 Slow                     Hex            #.......     26%         2    ##.....
 Conjure Flame            Conj/Fire      #.......     32%         3    ###....
 Mephitic Cloud           Conj/Pois/Air  #.......     36%         3    ###....
 Blink                    Tloc           Unusable     N/A         2    N/A

Dungeon Overview and Level Annotations

Branches:
Dungeon (1/15)

Altars:


Innate Abilities, Weirdness & Mutations

You cannot be hasted, slowed, berserked, paralysed or teleported.
You can dig through walls and to a lower floor.
Your four strong arms can wield two-handed weapons with a shield.
You have a pair of large antennae on your head. (SInv)


Message History

You throw a poisoned dart.
The poisoned dart closely misses the adder.
The adder closely misses you. The adder bites you.
Throwing (i - inventory)
e - 9 poisoned darts (quivered)
Press: ? - help, Shift-Dir - straight line, f/p - adder
Aim: an adder (severely wounded)
You throw a poisoned dart. The poisoned dart hits the adder.
The adder is poisoned.
The adder is severely wounded.
The adder closely misses you.
Throwing (i - inventory)
e - 8 poisoned darts (quivered)
Press: ? - help, Shift-Dir - straight line, f/p - adder
Aim: an adder (severely wounded, poisoned)
You throw a poisoned dart.
The poisoned dart closely misses the adder.
The adder barely misses you. The adder bites you.
You die...

####### ### .......
#@## ....... ##S#
>......####(####
...........#.......
.......[.......)...
...................
#..#.(.†.....(.....
#. #...............
. #.(........S....


You could see an adder (poisoned).

Vanquished Creatures
  A dart slug (D:2)
  2 leopard geckos (D:1)
  A bat (D:2)
  A giant cockroach (D:2)
  4 goblins (D:1)
  A frilled lizard (D:1)
  A rat (D:1)
11 creatures vanquished.

Notes
Turn   | Place    | Note
-------+----------+-------------------------------------------
     0 | D:1      | DildoBatman the Formicid Wizard began the quest for the
                  | Orb.
     0 | D:1      | Reached XP level 1. HP: 13/13 MP: 4/4
    86 | D:1      | Reached skill level 1 in Conjurations
   206 | D:1      | Reached XP level 2. HP: 19/19 MP: 0/6
   349 | D:1      | You fall into a shaft and drop 1 floor!
   478 | D:2      | Slain by an adder

Illustrated notes

Levels and vault maps discovered:
D:1:      sevenhm_arrival_forest_fort_large_2, layout_rooms
D:2:      layout_rooms, lemuel_blue_sif_altar, gammafunk_temple_overflow_statue

Skill      XL: |  1  2 |
---------------+-------+-----
Conjurations   | 1 2 |  2.2
Dodging        | |  1.7
Stealth        | |  2.4
Spellcasting   | |  3.2
Summonings     | |  1.0
Translocations | |  0.8

Action                   || total
-------------------------++-------
Melee: Unarmed           ||    25
Throw: Dart              ||     5
 Cast: Magic Dart        ||    30
 Abil: Dig               ||     1
Armor: Robe              ||    11
Dodge: Dodged            ||    19
